 Dungeon Crawl Stone Soup version 0.25-a0-834-g55863b0b92 (webtiles) character file.

Game seed: 14781249107699703678, levelgen mode: deterministic

50 Esekla the Magician (level 3, -5/19 HPs)
             Began as a Tengu Venom Mage on Apr 22, 2020.
             Slain by Natasha (7 damage)
             ... on level 2 of the Dungeon.
             The game lasted 00:06:54 (631 turns).

Esekla the Magician (Tengu Venom Mage)               Turns: 631, Time: 00:06:54

Health: -5/19      AC:  2    Str:  8    XL:     3   Next: 79%
Magic:  4/8        EV: 12    Int: 16    God:
Gold:   41         SH:  5    Dex: 14    Spells: 2/8 levels left

rFire    . . .     SeeInvis .   h - +0 dagger
rCold    . . .     Gourm    .   i - +2 buckler
rNeg     . . .     Faith    .   a - +0 robe
rPois    .         Spirit   .   (helmet restricted)
rElec    .         Reflect  .   (no cloak)
rCorr    .         Harm     .   (no gloves)
MR       .....                  (boots unavailable)
Stlth    ++........             (no amulet)
HPRegen  0.06/turn              (no ring)
MPRegen  0.11/turn              (no ring)

@: no status effects
A: beak, talons 3
a: no special abilities


You were on level 2 of the Dungeon.
You were not hungry.

You visited 1 branch of the dungeon, and saw 2 of its levels.

You collected 41 gold pieces.

Inventory:

Hand Weapons
 h - a +0 dagger (weapon)
Armour
 a - a +0 robe (worn)
 i - a +2 buckler (worn)
Scrolls
 b - 6 scrolls of identify {unknown}
 d - a scroll of blinking {unknown}
 g - a scroll of remove curse {unknown}
 j - a scroll of enchant weapon {unknown}
 k - a scroll of fog {unknown}
Potions
 e - a potion of mutation {unknown}
 f - a potion of lignification {unknown}
Comestibles
 c - 6 rations


   Skills:
 * Level 1.4 Armour
 + Level 2.5 Dodging
 - Level 2.0 Stealth
 * Level 3.2 Spellcasting
 - Level 0.7 Transmutations
 - Level 3.0 Poison Magic


You had 2 spell levels left.
You knew the following spells:

 Your Spells              Type           Power        Failure   Level  Hunger
a - Sting                 Tmut/Pois      #...         14%         1    None
b - Poisonous Vapours     Pois/Air       #.....       26%         2    ##.....
c - Mephitic Cloud        Conj/Pois/Air  #.......     52%         3    ###....

Your spell library contained the following spells:

 Spells                   Type           Power        Failure   Level  Hunger
 Ignite Poison            Fire/Tmut/Pois #.......     50%         3    ###....
 Olgreb's Toxic Radiance  Pois           ##......     65%         4    ####...


Dungeon Overview and Level Annotations

Branches:
Dungeon (2/15)

Altars:

Annotations:
D:2 Natasha


Innate Abilities, Weirdness & Mutations

You have a beak for a mouth.
You have claws for feet.


Message History

Casting: Poisonous Vapours (mildly dangerous; 26% risk of failure)
Confirm with . or Enter, or press ? or * to list all spells.
Aiming: Poisonous Vapours (mildly dangerous; 26% risk of failure)
Press: ? - help, Dir - move target cursor, f - Natasha
Aim: Natasha Poisonous vapours surround Natasha!
Natasha is engulfed in poison gas.
Natasha is poisoned.
Natasha stares at you and mumbles some strange words.
The magic dart hits you!
Casting: Poisonous Vapours (mildly dangerous; 26% risk of failure)
Confirm with . or Enter, or press ? or * to list all spells.
Aiming: Poisonous Vapours (mildly dangerous; 26% risk of failure)
Press: ? - help, Dir - move target cursor, f/p - Natasha
Aim: Natasha (moderately wounded, poisoned) Poisonous vapours surround Natasha!
Natasha is engulfed in poison gas.
Natasha looks even sicker.
Natasha claws you!
Ouch! That really hurt!
* * * LOW HITPOINT WARNING * * *
Natasha claws you!
You die...

. ....#######
##########
.......h@.#
#........#
....#.###.#
#.######.# . #.
#.####.######.#
#.
#..........##.#
#
######.###.##.#
#.# #.##.#
#.###.##.#
#........#
#......###


You could see Natasha.

Vanquished Creatures
  Jessica (D:2)
  A leopard gecko (D:2)
  4 giant cockroaches (D:1)
  6 goblins (D:1)
  A hobgoblin (D:1)
  A quokka (D:2)
  2 bats (D:1)
  2 frilled lizards (D:1)
  4 rats (D:1)
22 creatures vanquished.

Notes
Turn   | Place    | Note
-------+----------+-------------------------------------------
     0 | D:1      | Esekla the Tengu Venom Mage began the quest for the Orb.
     0 | D:1      | Reached XP level 1. HP: 10/10 MP: 4/4
   254 | D:1      | Reached XP level 2. HP: 15/15 MP: 4/6
   437 | D:1      | Reached skill level 1 in Armour
   497 | D:2      | Noticed Jessica
   500 | D:2      | Killed Jessica
   500 | D:2      | Reached XP level 3. HP: 19/19 MP: 5/8
   528 | D:2      | Learned a level 2 spell: Poisonous Vapours
   532 | D:2      | Learned a level 3 spell: Mephitic Cloud
   627 | D:2      | Noticed Natasha
   631 | D:2      | Slain by Natasha

Levels and vault maps discovered:
D:1:      minmay_arrival_three_doors, layout_rooms
D:2:      layout_loops_corners, first_ration, uniq_natasha, uniq_jessica

Skill      XL: |  1  2 |
---------------+-------+-----
Armour         | 1 |  1.4
Spellcasting   | 3 |  3.2
Dodging        | |  2.5
Stealth        | |  2.0
Transmutations | |  0.7
Poison Magic   | |  3.0

Action                   || total
-------------------------++-------
Melee: Club              ||    10
       Kick              ||     2
       Peck              ||     3
       Dagger            ||     7
 Cast: Sting             ||    23
       Poisonous Vapours ||     3
 Stab: Sleeping          ||     2
Armor: Robe              ||     7
Dodge: Dodged            ||    12
Block: Buckler           ||     3

Table legend:
 A = Non-vault XP
 B = Vault XP
 C = Vault XP percentage of total XP
 D = Non-vault monster count
 E = Vault monster count
 F = Vault count percentage of total count
                 A         B        C        D         E       F
            +---------+---------+-------+---------+---------+-------
      Total |      35 |      37 |  51.4 |      21 |       1 |   4.5
            +---------+---------+-------+---------+---------+-------
        D:1 |      30 |       0 |   0.0 |      19 |       0 |   0.0
        D:2 |       5 |      37 |  88.1 |       2 |       1 |  33.3
            +---------+---------+-------+---------+---------+-------
